 Dungeon Crawl Stone Soup version 0.27.1-2-g3b301248ec (webtiles) character file.

Game seed: 7733106832306609855

60 Kinoniko the Chopper (level 3, -4/29 HPs)
             Began as a Demonspawn Berserker on Oct 1, 2021.
             Was a Believer of Trog.
             Slain by a worm (5 damage)
             ... on level 2 of the Dungeon.
             The game lasted 00:01:10 (1383 turns).

Kinoniko the Chopper (Demonspawn Berserker)         Turns: 1383, Time: 00:01:10

Health: -4/29      AC:  8    Str: 18    XL:     3   Next: 82%
Magic:  3/3        EV:  7    Int:  8    God:    Trog [**....]
Gold:   33         SH:  0    Dex: 12    Spells: 2/2 levels left

rFire    . . .     SeeInvis .   a - +0 hand axe
rCold    . . .     Faith    .   (no shield)
rNeg     . . .     Spirit   .   e - +0 chain mail
rPois    .         Reflect  .   (helmet restricted)
rElec    .         Harm     .   (no cloak)
rCorr    .         Rampage  .   (no gloves)
Will     .....                  (no boots)
Stlth    ..........             (no amulet)
HPRegen  0.09/turn              (no ring)
MPRegen  0.08/turn              (no ring)

@: confused
A: antennae 1, talons 1
a: Renounce Religion, Berserk, Trog's Hand


You were on level 2 of the Dungeon.
You worshipped Trog.
Trog was pleased with you.
You visited 1 branch of the dungeon, and saw 2 of its levels.

You collected 33 gold pieces.

Inventory:

Hand Weapons
 a - a +0 hand axe (weapon)
Armour
 e - a +0 chain mail (worn)
Scrolls
 b - 2 scrolls of identify {unknown}
 f - a scroll of torment {unknown}
 g - a scroll of holy word {unknown}
 h - a scroll of teleportation {unknown}
 j - a scroll of magic mapping {unknown}
Potions
 c - a potion of mutation {unknown}
 d - a potion of lignification {unknown}
 i - a potion of flight {unknown}


   Skills:
 - Level 3.0 Fighting
 * Level 3.8 Axes
 - Level 1.7 Armour
 - Level 1.7 Dodging
 * Level 1.7 Unarmed Combat


You had 2 spell levels left.
You didn't know any spells.
Your spell library was empty.

Dungeon Overview and Level Annotations

Branches:
Dungeon (2/15)

Altars:

Annotations:
D:2 Sigmund


Innate Abilities, Weirdness & Mutations

You have a pair of small antennae on your head.
You have sharp toenails.


Message History

You open the door.
Found a scroll labelled NACOTYT NYZXO.
No target in view!
j - a scroll labelled NACOTYT NYZXO You see here a +0 short sword.
Found a mace.
There is an escape hatch in the ceiling here.
There is an open door here.
You open the door.
There is an open door here.
You see here a +0 mace.
Found an escape hatch in the floor.
No target in view!
Sigmund the Dreaded comes into view.
He is wielding a +0 scythe.
Sigmund is nearby!
Sigmund is nearby!
Sigmund is nearby!
Sigmund is nearby!
A worm comes into view.
The worm moves out of view.
Sigmund casts a spell at you.
You are confused.
There is an escape hatch in the floor here.
You are too confused!
You are too confused!
You bump into the rock wall.
Sigmund hits you from afar with a +0 scythe!
Sigmund hits you but does no damage.
You hit Sigmund. You claw Sigmund.
Sigmund is moderately wounded.
You barely miss the worm. The worm closely misses you.
You completely miss Sigmund.
Sigmund is moderately wounded.
You hit the worm. Sigmund casts a spell at you. The puff of flame hits you!
Sigmund hits you with a +0 scythe!
* * * LOW HITPOINT WARNING * * *
Unknown command.
You're too confused to move!
The worm bites you.
You die...

#.# #.#
####.############
.................
####.#.##.#.##### #
#.#.##.#.# # . ##
#.#.#....# ####.#...
..
#.#.####.####.w......
## #.#.# #....>@@# #
#.#.# #.#.......# #
..... ...........#
####.#
#.#.#.#.#...... .#...
#.#.#.........# .#.#
# #.#.#.####### ...#
#.#.#.# #..######
#.#.... #.......#
.....


You could see Sigmund and a worm.

Vanquished Creatures
  An adder (D:2)
  A worm (D:2)
  2 dart slugs
  2 ball pythons (D:1)
  4 endoplasms
  A giant cockroach (D:1)
  4 goblins
  4 hobgoblins
  3 kobolds (D:1)
  6 quokkas
  6 bats (D:1)
  2 frilled lizards
  4 rats (D:1)
40 creatures vanquished.

Notes
Turn   | Place    | Note
-------+----------+-------------------------------------------
     0 | D:1      | Kinoniko the Demonspawn Berserker began the quest for the
                  | Orb.
     0 | D:1      | Reached XP level 1. HP: 18/18 MP: 1/1
   254 | D:1      | Found a faded altar of an unknown god.
   300 | D:1      | Gained mutation: You have sharp toenails. [demonic
                  | ancestry]
   300 | D:1      | Reached XP level 2. HP: 24/24 MP: 2/2
   618 | D:1      | Reached skill level 1 in Unarmed Combat
   660 | D:1      | Gained mutation: You have a pair of small antennae on your
                  | head. [demonic ancestry]
   660 | D:1      | Reached XP level 3. HP: 25/29 MP: 3/3
   746 | D:1      | Reached ** piety under Trog
  1375 | D:2      | Noticed Sigmund
  1382 | D:2      | HP: 1/29 [Sigmund (10)]
  1383 | D:2      | Slain by a worm

Illustrated notes

Levels and vault maps discovered:
D:1:      saegor_arrival_simple_b, layout_basic,
          hellmonk_ecumenical_altar_crossroads
D:2:      layout_basic, uniq_sigmund

Skill      XL: |  1  2 |
---------------+-------+-----
Axes           | 3 |  3.8
Unarmed Combat | 1 |  1.7
Fighting       | |  3.0
Armour         | |  1.7
Dodging        | |  1.7

Action                   || total
-------------------------++-------
Melee: Hand axe          ||   117
       Kick              ||    16
Invok: Berserk           ||     1
Armor: Animal skin       ||    12
       Chain mail        ||    67
Dodge: Dodged            ||    61
